AoeStats
← Alex

Arabia

508204235Analyzed
1v1 RM · 9d ago on Sep 21, 2026· 46m 53s· 2 players
Game mode
Random Map
Map size
Tiny (2 player)
Population
200
Speed
Normal
Resources
Standard
Victory
Conquest
Starting age
Dark Age
Ending age
Imperial Age
RankedLock teamsTeams togetherTeam positionsShared explorationLock speedFull tech treeHidden civsTurbo modeCheats
Victory
Defeat
🇩🇪 Inca · Germany
1541
+16
🇦🇺 Japanese · Australia
1549
-16
Alex
7:11 Loom
10:10 Feudal Age
11:03 Double-Bit Axe
19:01 Castle Age
17:13 Fletching
17:46 Horse Collar
19:23 Crossbowman
26:49 Bow Saw
29:31 Bodkin Arrow
32:09 Wheelbarrow
32:01 Andean Sling
33:24 Padded Archer Armor
33:44 Hand Cart
39:15 Imperial Age
40:26 Scale Mail Armor
40:37 Forging
40:31 Bracer
40:33 Scale Mail Armor
42:07 Forging
43:07 Chain Mail Armor
DiddyBootyJackson
9:23 Loom
11:08 Feudal Age
15:22 Castle Age
14:39 Double-Bit Axe
16:43 Scale Mail Armor
18:15 Horse Collar
25:05 Chain Mail Armor
30:23 Gold Mining
38:58 Imperial Age
40:26 Plate Mail Armor
Connection lost

Rejoining the realm…

Still unreachable

The connection could not be restored.

Session expired

The server has moved on; the page needs a fresh start.